 Dungeon Crawl Stone Soup version 0.31.0-32-g396128a36d (webtiles) character file.

Game seed: 1605751194980406315

319 MisterFreud the Ruffian (level 6, 0/70 HPs)
             Began as a Gnoll Shapeshifter on Mar 31, 2024.
             Slain by an endoplasm (1 damage)
             ... on level 3 of the Dungeon.
             The game lasted 00:02:17 (1863 turns).

MisterFreud the Ruffian (Gnoll Shapeshifter)        Turns: 1863, Time: 00:02:17

Health: 0/70       AC: 23    Str: 14    XL:     6   Next: 45%
Magic:  8/9        EV:  2    Int: 11    God:
Gold:   101        SH:  0    Dex: 11    Spells: 9/9 levels left

rFire   . .          .
                       - Unarmed
rCold   . . .        (no shield)
rNeg    . . .        a - melded +0 animal skin
rPois   +            (helmet currently unavailable)
rElec   .            (cloak currently unavailable)
rCorr   .            (gloves currently unavailable)
SInv    .            (boots currently unavailable)
Will    .....        (no amulet)
Stlth   ++           (no ring)
HPRegen 0.31/turn    (no ring)
MPRegen 0.11/turn

%: no passive effects
@: tree-form
A: stationary, stasis, torment immunity, boosted hp, (fangs 1), strong nose,
distributed training
a: no special abilities


You were on level 3 of the Dungeon.
You were a tree.
You visited 1 branch of the dungeon, and saw 3 of its levels.

You collected 101 gold pieces.

Inventory:

Missiles
 j - a throwing net (quivered)
 r - 5 javelins
Armour
 a - a +0 animal skin (melded)
Jewellery
 t - an amulet of magic regeneration
Talismans
 c - a beast talisman
 d - a flux talisman
Scrolls
 o - a scroll of teleportation {unknown}
 p - a scroll of revelation {unknown}
 s - a scroll of noise {unknown}
 u - a scroll of acquirement {unknown}
Potions
 b - a potion of lignification
 g - a potion of heal wounds {unknown}
 h - a potion of degeneration {unknown}
 i - 2 potions of might
 k - a potion of enlightenment {unknown}
 m - a potion of cancellation {unknown}
 n - a potion of haste {unknown}
 q - a potion of attraction


   Skills:
 + Level 3.3 Fighting
 + Level 2.0 Short Blades
 + Level 2.0 Long Blades
 + Level 2.0 Axes
 + Level 2.0 Maces & Flails
 + Level 2.0 Polearms
 + Level 2.0 Staves
 + Level 2.0 Ranged Weapons
 + Level 2.0 Throwing
 + Level 2.0 Armour
 + Level 5.0 Dodging
 + Level 2.0 Stealth
 + Level 2.0 Shields
 + Level 6.8 Unarmed Combat
 + Level 2.0 Spellcasting
 + Level 1.6 Conjurations
 + Level 1.6 Hexes
 + Level 1.6 Summonings
 + Level 1.6 Necromancy
 + Level 1.6 Translocations
 + Level 1.6 Fire Magic
 + Level 1.6 Ice Magic
 + Level 1.6 Air Magic
 + Level 1.6 Earth Magic
 + Level 1.6 Alchemy
 + Level 2.2 Invocations
 + Level 2.0 Evocations
 + Level 6.8 Shapeshifting


You had 9 spell levels left.
You didn't know any spells.
Your spell library contained the following spells:

 Spells                   Type           Power      Damage    Failure   Level
 Apportation              Tloc           8%         N/A       16%         1
 Jinxbite                 Hex            8%         N/A       22%         2
 Alistair's Intoxication  Alch           2%         N/A       99%         5


Dungeon Overview and Level Annotations

Branches:
Dungeon (3/15)

Altars:
Zin


Innate Abilities, Weirdness & Mutations

You are a tree.
Your roots penetrate the ground, keeping you stationary.
You cannot be teleported.
You are immune to unholy pain and torment.
Your maximum health is greatly increased.
Your equipment is partially melded.
((You have very sharp teeth.))
Your uncanny sense of smell can sniff out nearby items.
Your experience applies equally to all skills.


Message History

The phantom barely misses you.
The endoplasm hits you but does no damage.
You closely miss the phantom.
The phantom is almost destroyed.
The phantom hits you but does no damage.
The endoplasm hits you but does no damage.
You barely miss the phantom.
The phantom is almost destroyed.
The phantom hits you.
* * * LOW HITPOINT WARNING * * *
The endoplasm hits you but does no damage.
You hit the phantom but do no damage.
The phantom is almost destroyed.
The phantom hits you but does no damage.
You smack the phantom!
You destroy the phantom!
The endoplasm freezes you.
You are frozen.
* * * LOW HITPOINT WARNING * * *
Your Short Blades skill increases to level 2!
Your Long Blades skill increases to level 2!
Your Axes skill increases to level 2!
Your Maces & Flails skill increases to level 2!
Your Polearms skill increases to level 2!
Your Staves skill increases to level 2!
Your Ranged Weapons skill increases to level 2!
Your Throwing skill increases to level 2!
Your Armour skill increases to level 2!
Your Dodging skill increases to level 5!
Your Stealth skill increases to level 2!
Your Shields skill increases to level 2!
Your Spellcasting skill increases to level 2!
Your Evocations skill increases to level 2!
Unknown command.
Unknown command.
Unknown command.
You hit the endoplasm.
The endoplasm is heavily wounded.
The endoplasm hits you.
You die...

######.###.##.#
#.....#..####
#...........#+#
##..###.#####.##
#..###.#####.. ###
#.........#..#...#
#......####......$
#####.## #.....#.
#.# ##♣# ....∆ #.#
#.J#..)..
#.###.#.....#
#......#.
######.....#
##...# #... ##.


You could see an endoplasm.

Vanquished Creatures
  Sigmund (D:2)
  A phantom (D:3)
  Jessica (D:3)
  2 adders
  2 ribbon worms (D:2)
  5 ball pythons (D:1)
  2 bats (D:2)
  An endoplasm (D:1)
  A giant cockroach (D:2)
  5 goblins
  2 hobgoblins
  3 jackals (D:1)
  5 kobolds (D:2)
  2 quokkas
33 creatures vanquished.

Notes
Turn   | Place    | Note
-------+----------+-------------------------------------------
     0 | D:1      | MisterFreud the Gnoll Shapeshifter began the quest for the
                  | Orb.
     0 | D:1      | Reached XP level 1. HP: 17/17 MP: 1/1
   320 | D:1      | Reached XP level 2. HP: 21/23 MP: 2/2
   458 | D:1      | Found a faded altar of an unknown god.
   498 | D:1      | Prayed at the altar of an unknown god.
   741 | D:2      | Noticed Sigmund
   747 | D:2      | Killed Sigmund
   748 | D:2      | Reached skill level 1 in Short Blades
   748 | D:2      | Reached skill level 1 in Long Blades
   748 | D:2      | Reached skill level 1 in Axes
   748 | D:2      | Reached skill level 1 in Maces & Flails
   748 | D:2      | Reached skill level 1 in Polearms
   748 | D:2      | Reached skill level 1 in Staves
   748 | D:2      | Reached skill level 1 in Ranged Weapons
   748 | D:2      | Reached skill level 1 in Throwing
   748 | D:2      | Reached skill level 1 in Armour
   748 | D:2      | Reached skill level 1 in Stealth
   748 | D:2      | Reached skill level 1 in Shields
   748 | D:2      | Reached skill level 1 in Spellcasting
   748 | D:2      | Reached skill level 1 in Conjurations
   748 | D:2      | Reached skill level 1 in Hexes
   748 | D:2      | Reached skill level 1 in Summonings
   748 | D:2      | Reached skill level 1 in Necromancy
   748 | D:2      | Reached skill level 1 in Translocations
   748 | D:2      | Reached skill level 1 in Fire Magic
   748 | D:2      | Reached skill level 1 in Ice Magic
   748 | D:2      | Reached skill level 1 in Air Magic
   748 | D:2      | Reached skill level 1 in Earth Magic
   748 | D:2      | Reached skill level 1 in Alchemy
   748 | D:2      | Reached skill level 1 in Invocations
   748 | D:2      | Reached skill level 1 in Evocations
   748 | D:2      | Reached XP level 3. HP: 17/29 MP: 2/5
   748 | D:2      | Reached XP level 4. HP: 20/35 MP: 2/6
   748 | D:2      | Reached XP level 5. HP: 24/41 MP: 2/7
  1790 | D:3      | Noticed Jessica
  1795 | D:3      | Killed Jessica
  1796 | D:3      | Reached XP level 6. HP: 42/47 MP: 8/8
  1855 | D:3      | HP: 1/70 [frozen (4)]
  1862 | D:3      | HP: 1/70 [frozen (5)]
  1863 | D:3      | Reached skill level 5 in Dodging
  1863 | D:3      | Slain by an endoplasm

Illustrated notes

Levels and vault maps discovered:
D:1:      saegor_arrival_simple_a, layout_basic,
          chequers_ecumenical_altar_simple_redux,
          minmay_misc_feat_secret_circle, serial_bayou_pond_a
D:2:      layout_basic, chequers_big_river, chequers_decorated_corner,
          uniq_sigmund
D:3:      minmay_skewed_foursquare, layout_loops_ring, uniq_jessica

Skill      XL: |  1  2  3  4  5  6 |
---------------+-------------------+-----
Fighting       | 3 |  3.3
Short Blades   | 1 2 |  2.0
Long Blades    | 1 2 |  2.0
Axes           | 1 2 |  2.0
Maces & Flails | 1 2 |  2.0
Polearms       | 1 2 |  2.0
Staves         | 1 2 |  2.0
Ranged Weapons | 1 2 |  2.0
Throwing       | 1 2 |  2.0
Armour         | 1 2 |  2.0
Stealth        | 1 2 |  2.0
Shields        | 1 2 |  2.0
Spellcasting   | 1 2 |  2.0
Conjurations   | 1 |  1.6
Hexes          | 1 |  1.6
Summonings     | 1 |  1.6
Necromancy     | 1 |  1.6
Translocations | 1 |  1.6
Fire Magic     | 1 |  1.6
Ice Magic      | 1 |  1.6
Air Magic      | 1 |  1.6
Earth Magic    | 1 |  1.6
Alchemy        | 1 |  1.6
Invocations    | 1 2 |  2.2
Evocations     | 1 2 |  2.0
Dodging        | 5 |  5.0
Unarmed Combat | |  6.8
Shapeshifting  | |  6.8

Action                     |  1- 3 |  4- 6 || total
---------------------------+-------+-------++-------
  Melee: Unarmed           |    32 |    67 ||    99
         Punch             |       |     2 ||     2
         Bite              |       |     5 ||     5
    Use: Scroll            |       |     3 ||     3
         Potion            |       |     2 ||     2
   Stab: Sleeping          |     1 |       ||     1
 Armour: Animal skin       |    10 |    27 ||    37
         Skin              |       |    15 ||    15
  Dodge: Dodged            |    15 |    43 ||    58
